 Dungeon Crawl Stone Soup version 0.29.1-2-gbd0b4ee654 (webtiles) character file.

Game seed: 526446837450081338

924 GorkyZ the Stinger (level 7, -3/46 HPs)
             Began as a Demonspawn Venom Mage on Nov 23, 2022.
             Was an Initiate of Gozag.
             Slain by a wight
             ... wielding a +3 dire flail
              (15 damage)
             ... on level 6 of the Dungeon.
             The game lasted 00:45:08 (5405 turns).

GorkyZ the Stinger (Demonspawn Venom Mage)          Turns: 5405, Time: 00:45:09

Health: -3/46      AC:  6    Str:  8    XL:     7   Next: 84%
Magic:  12/12      EV: 13    Int: 18    God:    Gozag
Gold:   360        SH:  3    Dex: 16    Spells: 3/13 levels left

rFire   . . .      SeeInvis .   o - +5 club (spect)
rCold   . . .      Faith    .   p - +0 buckler
rNeg    . . .      Spirit   .   a - +1 robe
rPois   .          Reflect  .   s - +2 helmet
rElec   .          Harm     .   (no cloak)
rCorr   .          Rampage  .   (no gloves)
Will    .....                   (no boots)
Stlth   +++.......              h - amulet of magic regeneration
HPRegen 0.15/turn               l - ring of wizardry
MPRegen 0.53/turn               (no ring)

@: gold aura
A: hooves 1, thin skeletal structure 1, ignite blood 2
a: Renounce Religion, Potion Petition, Call Merchant, Bribe Branch


You were on level 6 of the Dungeon.
You worshipped Gozag.
Gozag was aware of your devotion.
You visited 2 branches of the dungeon, and saw 7 of its levels.

You collected 493 gold pieces.
You spent 68 gold pieces at shops.
You paid 65 gold pieces to Gozag.

Inventory:

Hand Weapons
 i - a +0 dagger
 m - a +2 dagger of protection
 o - a +5 spectral club (weapon)
 t - a +0 sling
Missiles
 u - 71 stones
 v - 2 throwing nets
Armour
 a - a +1 robe (worn)
 p - a +0 buckler (worn)
 s - a +2 helmet (worn)
Magical Staves
 x - a staff of air
 B - a staff of fire
Jewellery
 h - an amulet of magic regeneration (around neck)
 l - a ring of wizardry (left hand)
 r - an amulet of guardian spirit
 y - an amulet of regeneration
Wands
 d - a wand of flame (12)
Scrolls
 c - 2 scrolls of blinking
 e - a scroll of teleportation
 f - a scroll of amnesia
 g - a scroll of acquirement {unknown}
 q - 2 scrolls of poison
Potions
 b - a potion of magic
 j - 2 potions of haste
 n - a potion of attraction
 w - a potion of mutation
 z - 2 potions of degeneration
 A - a potion of curing


   Skills:
 + Level 2.7 Armour
 + Level 3.4 Dodging
 - Level 1.7 Stealth
 + Level 3.5 Spellcasting
 - Level 2.8 Conjurations
 - Level 2.6 Summonings
 - Level 2.5 Transmutations
 - Level 2.4 Air Magic
 + Level 4.5 Poison Magic


You had 3 spell levels left.
You knew the following spells:

 Your Spells              Type           Power      Damage    Failure   Level
a - Sting                 Tmut/Pois      60%        1d6       1%          1
b - Poisonous Vapours     Pois/Air       30%        N/A       3%          2
c - Mephitic Cloud        Conj/Pois/Air  14%        N/A       7%          3
d - Olgreb's Toxic Radia  Pois           19%        N/A       13%         4

Your spell library contained the following spells:

 Spells                   Type           Power      Damage    Failure   Level
 Slow                     Hex            12%        N/A       9%          1
 Summon Guardian Golem    Hex/Summ       7%         N/A       16%         3
 Confusing Touch          Hex            3%         N/A       26%         3
 Gell's Gravitas          Tloc           3%         N/A       26%         3
 Inner Flame              Hex/Fire       3%         N/A       26%         3
 Teleport Other           Tloc           3%         N/A       26%         3
 Vampiric Draining        Necr           3%         2d6       26%         3
 Blade Hands              Tmut           6%         N/A       58%         5
 Irradiate                Conj/Tmut      6%         3d13      58%         5
 Cause Fear               Hex            1%         N/A       61%         4
 Dispersal                Tloc           1%         N/A       100%        6
 Dragon Form              Tmut           6%         N/A       100%        7
 Orb of Destruction       Conj           6%         9d6       100%        7
 Spellforged Servitor     Conj/Summ      6%         N/A       100%        7
 Discord                  Hex            1%         N/A       100%        8


Dungeon Overview and Level Annotations

Branches:
Dungeon (6/15)             Temple (1/1) D:4

Altars:
Dithmenos
Gozag
Kikubaaqudgha
Makhleb
Nemelex Xobeh
Qazlal
Ru
Sif Muna
Trog
Uskayaw

Shops:
D:5 ?   D:6 ?


Innate Abilities, Weirdness & Mutations

You have large cloven feet.
You have a somewhat thin skeletal structure. (Dex +2, Stealth+)
Your demonic aura often causes spilled blood to erupt in flames.


Message History

Aiming: Poisonous Vapours (safe; 2% risk of failure)
Press: ? - help, Dir - move target, f - you
Okay, then.
Okay, then.
Okay, then.
B - a staff of fire (weapon)
You feel a bond with your +5 spectral club.
o - a +5 spectral club (weapon)
You start putting on your armour.
You continue putting on your +0 buckler. x4
You finish putting on your +0 buckler.
A wight comes into view. It is wielding a +3 dire flail.
A wight comes into view.
It is wielding a +4 short sword of freezing.
A wight comes into view.
It is wielding a +0 morningstar of draining.
The wight barely misses you.
You hit the wight but do no damage. You kick the wight, but do no damage.
The wight hits you with a +0 long sword!
You hit the wight. You kick the wight, but do no damage.
The wight is lightly damaged.
The wight hits you with a +0 long sword.
You feel drained.
You hit the wight. You kick the wight, but do no damage.
The wight is moderately damaged.
The wight hits you with a +0 long sword.
You feel drained.
The wight hits you with a +0 long sword!
The wight is engulfed in blazing flames.
You destroy the wight!
Your life force feels restored.
The wight barely misses you.
Things that are here:
7 gold pieces; a +0 long sword; a +0 robe You hit the wight.
You kick the wight, but do no damage.
The wight is lightly damaged.
The wight hits you with a +3 dire flail!
* * * LOW HITPOINT WARNING * * *
You feel better.
The wight hits you with a +3 dire flail!
You die...
Your body crumbles into a pile of gold.

#.# ####
#.#######..#
#.##......8#
#.##.......####
#z##....8<∩.8.#
#.##.......##.#
#z##......8# #
#z##.......##.#
#@##..........#
#.##.......####
#.##.......#######
#..........'......
####.......#######
#.......#
#########


You could see 3 wights.

Vanquished Creatures
  A black bear (D:6)
  An ogre (D:4)
  A centaur (D:5)
  A necrophage (D:4)
  2 scorpions
  A wight (D:6)
  2 hounds (D:5)
  2 jellies
  An orc priest (D:5)
  A gnoll bouda (D:5)
  Jessica (D:2)
  An iguana (D:5)
  2 orc wizards (D:5)
  6 gnolls
  4 adders
  A worm (D:4)
  2 dart slugs (D:4)
  11 orcs
  6 ball pythons
  2 bats
  4 endoplasms
  A giant cockroach (D:2)
  4 goblins
  A hobgoblin (D:3)
  3 quokkas
  6 frilled lizards
  7 kobolds
  5 rats
80 creatures vanquished.

Vanquished Creatures (others)
  A quokka (D:3)
1 creature vanquished.

Grand Total: 81 creatures vanquished

Notes
Turn   | Place    | Note
-------+----------+-------------------------------------------
     0 | D:1      | GorkyZ the Demonspawn Venom Mage began the quest for the
                  | Orb.
     0 | D:1      | Reached XP level 1. HP: 13/13 MP: 3/3
   231 | D:1      | Reached skill level 1 in Transmutations
   381 | D:1      | Gained mutation: Your demonic aura sometimes causes spilled
                  | blood to erupt in flames. [demonic ancestry]
   381 | D:1      | Reached XP level 2. HP: 19/19 MP: 0/5
   513 | D:1      | Found a faded altar of an unknown god.
   920 | D:1      | Learned a level 2 spell: Poisonous Vapours
  1188 | D:2      | Noticed Jessica
  1198 | D:2      | Killed Jessica
  1199 | D:2      | Reached skill level 1 in Conjurations
  1199 | D:2      | Reached XP level 3. HP: 15/24 MP: 3/6
  1443 | D:2      | Reached skill level 1 in Air Magic
  1486 | D:2      | Learned a level 3 spell: Mephitic Cloud
  1763 | D:3      | Gained mutation: You have large cloven feet. [demonic
                  | ancestry]
  1763 | D:3      | Reached XP level 4. HP: 29/30 MP: 5/7
  2066 | D:3      | Found a stormy altar of Qazlal.
  2136 | D:3      | Reached skill level 1 in Summonings
  2443 | D:4      | Noticed a scorpion
  2448 | D:4      | Killed a scorpion
  2449 | D:4      | Reached XP level 5. HP: 35/35 MP: 3/8
  2551 | D:4      | Reached skill level 1 in Armour
  2828 | D:4      | Found a staircase to the Ecumenical Temple.
  2836 | Temple   | Entered the Ecumenical Temple
  2845 | Temple   | Became a worshipper of Gozag Ym Sagoz the Greedy
  3460 | D:4      | Noticed an ogre
  3514 | D:4      | Killed an ogre
  3515 | D:4      | Gained mutation: Your demonic aura often causes spilled
                  | blood to erupt in flames. [demonic ancestry]
  3515 | D:4      | Reached XP level 6. HP: 32/41 MP: 8/10
  3645 | D:5      | Entered Level 5 of the Dungeon
  3653 | D:5      | Learned a level 4 spell: Olgreb's Toxic Radiance
  3726 | D:5      | Found Oqew's Magic Scroll Emporium.
  3749 | D:5      | Bought 2 scrolls of identify for 44 gold pieces
  3812 | D:5      | Reached skill level 4 in Poison Magic
  4125 | D:5      | Found a hide-covered altar of Uskayaw.
  4143 | D:5      | Gained mutation: You have a somewhat thin skeletal
                  | structure. (Dex +2, Stealth+) [demonic ancestry]
  4143 | D:5      | Reached XP level 7. HP: 46/46 MP: 3/11
  4270 | D:5      | HP: 2/46 [centaur/arrow (10)]
  4585 | D:5      | Found a sacrificial altar of Ru.
  4729 | D:5      | Found a shadowy altar of Dithmenos.
  4736 | D:5      | Found an ancient bone altar of Kikubaaqudgha.
  5313 | D:6      | Found Toizim's Magic Scroll Shop.
  5356 | D:6      | Bought a scroll of identify for 24 gold pieces
  5405 | D:6      | Slain by a wight

Illustrated notes

Levels and vault maps discovered:
D:1:      arrival_zaba_pyramid, layout_rooms, basic_ecumenical_altar,
          minmay_surrounded
D:2:      layout_basic, corexii_leaking_fountain, uniq_jessica
D:3:      layout_rooms, elyvilon_altar_4, grunt_qazlal_sundering,
          mainiacjoe_overflow_brackets
D:4:      layout_loops_cross, minmay_temple_entry_hall
D:5:      layout_basic, nicolae_ru_sacrificial_ziggurat, old_standard_altar,
          general_overflow_altar, overflow_temple_1_default, serial_shops,
          nicolae_shop_stone, hex_intersection
D:6:      layout_basic, lemuel_crystal_altar, serial_shops, shop,
          nicolae_shop_statue_plus, shop, shop, minmay_ruined_shrine,
          uniq_duvessa
Temple:   nicolae_temple_ecumenical_triangle

Skill      XL: |  1  2  3  4  5  6  7 |
---------------+----------------------+-----
Transmutations | 1 2 |  2.5
Dodging        | 2 3 |  3.4
Conjurations   | 1 2 |  2.8
Air Magic      | 1 2 |  2.4
Summonings     | 1 2 |  2.6
Armour         | 1 2 |  2.7
Spellcasting   | 3 |  3.5
Poison Magic   | 4 |  4.5
Stealth        | |  1.7

Action                   |  1- 3 |  4- 6 |  7- 9 || total
-------------------------+-------+-------+-------++-------
Melee: Unarmed           |     8 |       |       ||     8
       Staff             |       |    28 |    14 ||    42
       Kick              |       |    11 |     9 ||    20
       Club              |       |     7 |     4 ||    11
       Punch             |       |       |     1 ||     1
 Fire: Sling             |       |     4 |       ||     4
 Cast: Sting             |    42 |    49 |    31 ||   122
       Poisonous Vapours |    15 |    30 |    15 ||    60
       Mephitic Cloud    |       |     5 |     2 ||     7
       Olgreb's Toxic Ra |       |     2 |     2 ||     4
  Use: Scroll            |     6 |     8 |     1 ||    15
       Potion            |       |     2 |     2 ||     4
 Stab: Invisible         |       |     1 |       ||     1
Armor: Robe              |     5 |    26 |    15 ||    46
Dodge: Dodged            |    29 |    53 |    46 ||   128
